 Dungeon Crawl Stone Soup version 0.28.0-53-g5a82cb258f (webtiles) character file.

Game seed: 6122393521597690405

1941 cbfl8 the Cleaver (level 8, -20/93 HPs)
             Began as a Demonspawn Berserker on Sept 10, 2022.
             Was an Elder of Trog.
             Demolished by a two-headed ogre
             ... wielding a +0 giant spiked club
              (21 damage)
             ... on level 7 of the Dungeon.
             The game lasted 00:08:42 (8584 turns).

cbfl8 the Cleaver (Demonspawn Berserker)            Turns: 8584, Time: 00:08:42

Health: -20/93     AC: 15    Str: 19    XL:     8   Next: 98%
Magic:  8/8        EV: 13    Int:  8    God:    Trog [****..]
Gold:   230        SH:  4    Dex: 14    Spells: 7/7 levels left

rFire   . . .      SeeInvis +   y - +0 broad axe
rCold   . . .      Faith    .   (no shield)
rNeg    . . .      Spirit   .   o - +0 chain mail
rPois   .          Reflect  .   (helmet restricted)
rElec   .          Harm     .   G - +1 cloak
rCorr   .          Rampage  .   u - +0 pair of gloves
Will    .....                   q - +0 pair of boots
Stlth   ..........              (no amulet)
HPRegen 0.25/turn               j - ring of see invisible
MPRegen 0.11/turn               s - +4 ring of evasion

@: berserking, very quick
A: antennae 2, molten scales 1, condensation shield, demonic magic 1
a: Renounce Religion, Berserk, Trog's Hand, Brothers in Arms


You were on level 7 of the Dungeon.
You worshipped Trog.
Trog was greatly pleased with you.
You visited 1 branch of the dungeon, and saw 7 of its levels.

You collected 230 gold pieces.

Inventory:

Hand Weapons
 y - a +0 broad axe (weapon)
Armour
 o - a +0 chain mail (worn)
 q - a +0 pair of boots (worn)
 u - a +0 pair of gloves (worn)
 G - a +1 cloak (worn)
Jewellery
 j - a ring of see invisible (left hand)
 s - a +4 ring of evasion (right hand)
Wands
 z - a wand of acid (2) (quivered)
 C - a wand of mindburst (6)
 F - a wand of polymorph (6)
Scrolls
 c - a scroll of summoning {unknown}
 d - 2 scrolls of amnesia {unknown}
 f - a scroll of magic mapping {unknown}
 g - 4 scrolls of identify {unknown}
 i - a scroll of teleportation {unknown}
 k - a scroll of fog {unknown}
 n - a scroll of holy word {unknown}
 t - a scroll of fear {unknown}
 v - 3 scrolls of vulnerability {unknown}
 w - a scroll of brand weapon {unknown}
 x - a scroll of noise {unknown}
 A - 3 scrolls of immolation {unknown}
 E - a scroll of enchant armour {unknown}
 H - a scroll of blinking {unknown}
Potions
 a - a potion of ambrosia {unknown}
 b - a potion of berserk rage {unknown}
 e - 2 potions of haste {unknown}
 h - 2 potions of curing
 l - 2 potions of resistance {unknown}
 m - 2 potions of lignification {unknown}
 p - 3 potions of flight {unknown}
 r - 2 potions of magic {unknown}
 B - a potion of cancellation {unknown}
 D - a potion of brilliance {unknown}


   Skills:
 * Level 5.1 Fighting
 * Level 8.0 Axes
 + Level 3.6 Armour
 * Level 4.1 Dodging
 + Level 1.0 Stealth
 + Level 1.2 Shields
 * Level 3.8 Evocations


You had 7 spell levels left.
You didn't know any spells.
Your spell library was empty.

Dungeon Overview and Level Annotations

Branches:
Dungeon (7/15)             Temple (0/1) D:5

Altars:
Elyvilon
Hepliaklqana


Innate Abilities, Weirdness & Mutations

You have a pair of antennae on your head.
You are partially covered in molten scales. (AC +2)
A meltable shield of frost defends you. (SH +4)
Spells you cast may paralyse adjacent enemies.


Message History

No target in view!
HP restored.
H - a scroll labelled GOSAAFOS YLEADGH
Things that are here:
a +0 shortbow; 20 arrows; a centaur corpse No target in view!
A two-headed ogre comes into view.
It is wielding a +0 giant spiked club and a +0 giant club.
The two-headed ogre shouts in stereo!
A phantom comes into view.
There are monsters nearby!
Found a stone staircase leading down.
There are monsters nearby!
You hit the two-headed ogre.
The two-headed ogre is lightly wounded.
The two-headed ogre hits you with a +0 giant spiked club!!
You block the two-headed ogre's attack.
A red film seems to cover your vision as you go berserk!
You feel yourself moving faster!
You feel mighty!
You slash the two-headed ogre!
The two-headed ogre is moderately wounded.
You hit the phantom.
The two-headed ogre hits you with a +0 giant spiked club!!
The two-headed ogre hits you with a +0 giant club!!
* * * LOW HITPOINT WARNING * * *
The phantom misses you.
You hit the two-headed ogre.
The two-headed ogre is moderately wounded.
You hit the phantom. The two-headed ogre barely misses you.
The two-headed ogre hits you with a +0 giant club!
* * * LOW HITPOINT WARNING * * *
Unknown command.
You slash the two-headed ogre!
The two-headed ogre is heavily wounded.
You slash the phantom! The phantom closely misses you.
Unknown command.
You slash the two-headed ogre!
The two-headed ogre is severely wounded.
You closely miss the phantom. The phantom closely misses you.
The two-headed ogre hits you with a +0 giant spiked club!!
You die...

......#.##......##
.........))#.......#
.........)........##
.........)##........
....###...###.......
.....#.....##.......
...........#....#...
...........#>..#....
........#..@W.......
.(.....)##..O...<..
.........#.........
.###.....##........
#..#.............
##...............
##.#..###.......
###... #...... ###.


You could see a two-headed ogre and a phantom.

Vanquished Creatures
  Grinder (D:6)
  A water moccasin (D:3)
  Edmund (D:6)
  A sky beast (D:7)
  A necrophage (D:6)
  An orc warrior (D:7)
  A centaur (D:7)
  2 ogres
  A kobold brigand (D:7)
  2 scorpions (D:6)
  A howler monkey (D:4)
  2 centaur zombies
  A bullfrog zombie (D:4)
  6 hounds
  A bullfrog skeleton (D:6)
  5 orc priests
  Crazy Yiuf (D:6)
  4 orc wizards
  6 adders
  An ufetubus (D:4)
  4 worms
  2 dart slugs
  16 orcs
  8 endoplasms
  6 giant cockroaches
  12 goblins
  11 hobgoblins
  7 jackals
  11 kobolds
  2 quokkas
  10 ball pythons
  7 bats
  7 frilled lizards
  6 rats
149 creatures vanquished.

Notes
Turn   | Place    | Note
-------+----------+-------------------------------------------
     0 | D:1      | cbfl8 the Demonspawn Berserker began the quest for the Orb.
     0 | D:1      | Reached XP level 1. HP: 18/18 MP: 1/1
   158 | D:1      | Reached skill level 3 in Axes
   158 | D:1      | Gained mutation: Spells you cast may paralyse adjacent
                  | enemies. [demonic ancestry]
   158 | D:1      | Reached XP level 2. HP: 20/24 MP: 2/2
   354 | D:1      | Reached ** piety under Trog
   355 | D:1      | Gained mutation: A meltable shield of frost defends you.
                  | (SH +4) [demonic ancestry]
   355 | D:1      | Reached XP level 3. HP: 10/29 MP: 3/3
  2142 | D:2      | Reached XP level 4. HP: 35/35 MP: 4/4
  2972 | D:2      | Reached skill level 4 in Axes
  3427 | D:3      | Reached skill level 1 in Evocations
  3469 | D:3      | Gained mutation: You have a pair of small antennae on your
                  | head. [demonic ancestry]
  3469 | D:3      | Reached XP level 5. HP: 41/41 MP: 5/5
  3670 | D:3      | Noticed a water moccasin
  3678 | D:3      | Killed a water moccasin
  3679 | D:3      | Reached skill level 1 in Stealth
  3918 | D:3      | Reached XP level 6. HP: 48/48 MP: 6/6
  3927 | D:3      | Reached *** piety under Trog
  4140 | D:3      | Found a faded altar of an unknown god.
  5144 | D:5      | Entered Level 5 of the Dungeon
  5293 | D:5      | Reached skill level 5 in Axes
  5865 | D:5      | Found a hazy altar of Hepliaklqana.
  5874 | D:5      | Gained mutation: You are partially covered in molten
                  | scales. (AC +2) [demonic ancestry]
  5874 | D:5      | Reached XP level 7. HP: 48/54 MP: 7/7
  6091 | D:5      | Found a staircase to the Ecumenical Temple.
  6809 | D:6      | Noticed Grinder
  6812 | D:6      | Reached **** piety under Trog
  6821 | D:6      | Reached skill level 6 in Axes
  6823 | D:6      | Killed Grinder
  6824 | D:6      | Reached skill level 1 in Shields
  6824 | D:6      | Gained mutation: You have a pair of antennae on your head.
                  | [demonic ancestry]
  6824 | D:6      | Reached XP level 8. HP: 33/61 MP: 8/8
  7175 | D:6      | Found a runed translucent door.
  7176 | D:6      | Noticed Crazy Yiuf
  7324 | D:6      | Noticed Edmund
  7343 | D:6      | Killed Edmund
  7344 | D:6      | Reached skill level 7 in Axes
  7909 | D:6      | Killed Crazy Yiuf
  8459 | D:7      | Reached skill level 5 in Fighting
  8503 | D:7      | Reached skill level 8 in Axes
  8576 | D:7      | Noticed a two-headed ogre
  8582 | D:7      | HP: 1/93 [two-headed ogre/+0 giant spiked club (9)]
  8584 | D:7      | Demolished by a two-headed ogre

Illustrated notes

Levels and vault maps discovered:
D:1:      tarquinn_simple_flora_water_f, layout_rooms, serial_forest,
          infiniplex_forest_clump_medium, infiniplex_forest_lined_room_2,
          infiniplex_forest_lined_3, infiniplex_forest_lined_1,
          infiniplex_forest_straight_5, infiniplex_forest_straight_4,
          infiniplex_forest_end_1, infiniplex_forest_clump_long,
          infiniplex_forest_lined_room_, minmay_tiny_reverse_x
D:2:      layout_loops_ring
D:3:      layout_rooms, hellmonk_ecumenical_altar_prayer_group,
          corexii_item_surrounded_by_moat, hex_intersection, eino_tiny_chamber
D:4:      layout_basic, lemuel_doored_altar
D:5:      layout_basic, mainiacjoe_overflow_surrounded_room,
          minmay_temple_entry_nine_rooms, bh_walls_and_bars
D:6:      layout_basic, serial_glass, glass_columns_a, glass_columns_c,
          glass_columns_a, glass_columns_b, glass_columns_c, glass_columns_a,
          glass_columns_a, glass_columns_a, glass_columns_a, glass_columns_a,
          uniq_grinder, uniq_edmund, uniq_crazy_yiuf_cottage
D:7:      layout_cave_pools

Skill      XL: |  1  2  3  4  5  6  7  8 |
---------------+-------------------------+-----
Axes           | 3 4 5 6 8 |  8.0
Dodging        | 2 3 4 |  4.1
Evocations     | 1 2 3 |  3.8
Armour         | 2 3 |  3.6
Stealth        | 1 |  1.0
Fighting       | 4 5 |  5.1
Shields        | 1 |  1.2

Action                   |  1- 3 |  4- 6 |  7- 9 || total
-------------------------+-------+-------+-------++-------
Melee: Hand axe          |   136 |   175 |       ||   311
       Punch             |     1 |     1 |       ||     2
       Broad axe         |       |    18 |   147 ||   165
       Unarmed           |       |       |     1 ||     1
Invok: Berserk           |     1 |     1 |     4 ||     6
       Trog's Hand       |     1 |       |       ||     1
Evoke: Wand              |       |       |     2 ||     2
 Stab: Sleeping          |     1 |       |       ||     1
       Distracted        |       |     1 |       ||     1
Armor: Animal skin       |    28 |     6 |       ||    34
       Chain mail        |       |    67 |    87 ||   154
Dodge: Dodged            |   122 |   111 |   123 ||   356
Block: Other             |     7 |    29 |    37 ||    73
